Map: Odyssey LE

Players

Winthrowe

  • Race: Terran Terran
  • League: Silver
  • Spawn Location: 5:00

MagicBunny - Winner!

  • Race: Terran Terran
  • League: Silver
  • Spawn Location: 11:00

VOD

Have the link to the VOD?

Description

Time

  • Played on: Aug. 18, 2017, 10:01 p.m.
  • Length: 14:48
Show
View Real Time Build Order
Export as new Build Order

Winthrowe Terran 

Build Orders:  

Get SALT Encoding   

  12  0:02  SCV  
  13  0:18  Supply Depot  
  13  0:21  SCV  
  14  0:32  Refinery  
  14  0:33  SCV  
  15  0:45  Barracks  
  15  0:46  SCV  
  16  0:58  SCV  
  17  1:11  SCV  
  18  1:23  SCV  
  18  1:25  Supply Depot  
  19  1:35  SCV  
  19  1:39  Factory  
  20  1:42  Marine  
  21  1:50  SCV  
  22  2:00  Marine  
  23  2:01  Refinery  
  23  2:02  SCV  
  24  2:15  SCV  
  25  2:17  Marine  
  26  2:35  Marine  
  27  2:40  Command Center  
  27  2:53  Marine, Engineering Bay  
  28  3:11  SCV  
  29  3:20  Starport  
  29  3:27  Barracks Reactor  
  29  3:32  Bunker  
  29  3:35  SCV  
  30  3:48  SCV  
  30  3:52  Planetary Fortress  
  31  4:22  Sensor Tower  
  32  4:31  SCV  
  33  4:42  Orbital Command  
  33  4:43  SCV  
  33  4:49  Marine  
  33  4:50  Marine  
  35  4:54  Medivac  
  35  4:55  SCV  
  38  5:07  Marine x2, SCV  
  38  5:09  Factory Tech Lab  
  41  5:20  SCV  
  42  5:24  Medivac  
  42  5:25  Marine x2  
  46  5:33  Fusion Core  
  46  5:46  Supply Depot  
  46  5:53  Terran Infantry Weapons Level 1  
  46  5:58  Starport Tech Lab  
  46  6:08  Marine x2, SCV x2  
  46  6:09  Supply Depot  
  46  6:10  Infernal Pre-Igniter  
  50  6:14  Siege Tank  
  53  6:20  SCV  
  54  6:31  SCV  
  54  6:32  SCV  
  56  6:33  Supply Depot  
  56  6:43  SCV  
  56  6:44  SCV  
  56  6:46  Siege Tank  
  61  6:50  Command Center  
  61  6:55  SCV, Supply Depot  
  61  6:56  SCV  
  63  7:06  High Capacity Fuel Tanks  
  63  7:07  SCV  
  64  7:08  SCV  
  65  7:18  Supply Depot  
  65  7:19  SCV  
  66  7:28  Refinery  
  66  7:32  Refinery  
  66  7:40  Supply Depot  
  66  7:45  Marine x2  
  66  7:50  Siege Tank  
  71  7:54  Viking  
  73  8:03  Marine x2, Cloaking Field  
  75  8:21  Marine x2  
  75  8:22  Siege Tank  
  75  8:24  Viking  
  82  8:32  Barracks  
  82  8:38  Marine  
  82  8:39  Marine  
  84  8:51  Armory  
  84  8:54  Cyclone  
  87  8:56  Marine  
  87  8:57  Marine  
  89  9:14  Marine  
  89  9:15  Marine  
  91  9:26  Cyclone  
  77  9:58  Cyclone  
  76  10:01  Marine x2  
  68  10:18  Marine  
  68  10:19  Marine  
  65  10:30  Thor  
  71  10:36  Marine  
  71  10:37  Marine  
  73  10:47  Terran Infantry Armor Level 1  
  73  10:54  Marine  
  73  10:55  Marine  
  73  10:56  Planetary Fortress  
  75  11:04  Barracks Tech Lab  
  75  11:10  Barracks  
  75  11:13  Thor  
  75  11:16  Marine x2  
  83  11:24  Concussive Shells  
  83  11:30  Medivac  
  85  11:34  Marine x2  
  87  11:51  Marine  
  87  11:52  Marine  
  87  11:53  Marine  
  90  11:55  Thor  
  97  12:04  Barracks Reactor  
  97  12:06  SCV  
  97  12:07  SCV  
  97  12:08  Stimpack  
  98  12:09  Marine  
  98  12:10  Marine  
  98  12:12  Marauder  
  102  12:18  SCV  
  102  12:19  SCV  
  102  12:20  SCV  
  105  12:27  Marine x2  
  107  12:30  SCV  
  107  12:31  SCV  
  109  12:37  Factory  
  109  12:39  Supply Depot  
  109  12:47  Weapon Refit  
  109  13:01  Thor, SCV x2  
  109  13:02  Supply Depot  
  117  13:24  Marine x4, SCV x2, Marauder  
  117  13:26  Supply Depot  
  125  13:32  SCV  
  125  13:34  Battlecruiser  
  124  13:36  SCV x2  
  92  13:42  Marine x4  
  92  13:44  Siege Tank, SCV  
  92  13:46  Marauder  
  89  13:48  SCV  
  90  13:56  SCV, Supply Depot  
  90  13:59  Marine x4  
  95  14:07  Marauder  
  97  14:16  Hellion  
  99  14:17  Marine x4  
  99  14:20  Supply Depot  
  63  14:45  Supply Depot  
Show
View Real Time Build Order
Export as new Build Order

MagicBunny Terran - Winner!

Build Orders:  

Get SALT Encoding   

  12  0:01  SCV  
  13  0:13  SCV  
  14  0:18  Supply Depot  
  14  0:27  SCV  
  15  0:40  SCV  
  15  0:41  Barracks  
  16  0:52  SCV  
  17  1:04  SCV  
  18  1:16  SCV  
  19  1:21  Command Center  
  19  1:28  Marine  
  20  1:34  Supply Depot  
  20  1:36  SCV  
  21  1:43  Barracks  
  21  1:48  SCV  
  21  1:49  Marine  
  23  2:02  SCV  
  23  2:06  Refinery  
  24  2:10  Marine  
  24  2:11  Barracks  
  25  2:18  Supply Depot  
  25  2:25  SCV  
  26  2:31  Marine  
  26  2:32  Marine  
  28  2:38  Refinery  
  28  2:42  Orbital Command  
  28  2:46  SCV  
  28  2:50  Marine  
  30  2:51  Marine  
  31  2:58  SCV  
  31  3:03  Marine  
  33  3:07  Marine  
  33  3:09  SCV  
  33  3:10  Marine  
  33  3:11  SCV  
  37  3:24  Factory  
  37  3:25  Marine  
  37  3:26  SCV  
  39  3:28  Orbital Command  
  39  3:38  SCV  
  39  3:39  Marine  
  39  3:40  Marine  
  42  3:45  Marine  
  43  3:53  Supply Depot  
  43  3:59  SCV x2  
  43  4:00  Marine  
  43  4:01  Marine  
  47  4:10  Factory Tech Lab  
  47  4:12  Factory  
  47  4:19  Barracks Tech Lab, Engineering Bay  
  47  4:20  Barracks Tech Lab  
  47  4:21  Barracks Reactor  
  47  4:25  Supply Depot  
  47  4:33  SCV x2  
  47  4:34  Refinery  
  49  4:40  Marauder x2  
  49  4:45  SCV x2  
  55  4:47  Siege Tank  
  58  4:58  Refinery  
  58  5:03  SCV x2  
  58  5:06  Marine x4  
  64  5:13  Factory Tech Lab  
  64  5:19  Siege Tank  
  64  5:21  Terran Infantry Weapons Level 1  
  67  5:22  Barracks  
  67  5:26  Supply Depot  
  67  5:32  SCV x2  
  67  5:33  Marine  
  70  5:46  Command Center  
  70  5:47  Marine x3  
  70  5:48  Supply Depot  
  73  6:04  Starport  
  73  6:09  Starport  
  73  6:37  Marine x4  
  77  6:40  Siege Tank x2  
  77  6:46  Barracks  
  83  6:50  Barracks  
  83  6:52  SCV  
  83  6:53  SCV  
  85  6:58  Medivac x2  
  89  7:08  Supply Depot  
  89  7:11  SCV  
  89  7:14  SCV  
  91  7:30  Supply Depot  
  91  7:34  Marine x2  
  91  7:35  Marine x2  
  95  7:39  Barracks Reactor x2  
  95  7:46  Armory  
  95  7:47  Terran Infantry Armor Level 1  
  95  7:51  Barracks Reactor  
  95  7:52  Supply Depot  
  95  8:01  Starport Tech Lab  
  95  8:06  Marine  
  95  8:07  Marine  
  95  8:08  Marine x2, Starport Tech Lab  
  99  8:17  Siege Tank x2  
  105  8:22  Marine x3  
  105  8:24  Marine  
  109  8:56  Sensor Tower  
  109  8:59  Sensor Tower  
  109  9:05  Marine x4  
  109  9:06  Marine x5  
  109  9:08  Marauder  
  120  9:13  Medivac x2  
  124  9:17  Sensor Tower  
  124  9:21  Fusion Core  
  124  9:37  Sensor Tower  
  122  9:41  Terran Infantry Weapons Level 2  
  94  10:03  Liberator x2  
  94  10:14  Marine x7  
  94  10:15  Marine x3  
  94  10:19  Siege Tank x2  
  116  10:32  Marine x6  
  122  10:50  Sensor Tower  
  122  11:07  Sensor Tower  
  122  11:20  Marine  
  122  11:21  Marine x2  
  125  12:12  Command Center  
  125  12:15  Supply Depot  
  125  12:20  Supply Depot  
  125  12:23  Supply Depot  
  125  12:30  Sensor Tower  
  125  12:37  Marine x5, Siege Tank  
  125  12:39  Supply Depot  
  125  12:41  Marine x3, Siege Tank, Medivac  
  125  12:43  Supply Depot  
  141  12:45  Medivac, Marauder x2  
  147  12:58  Orbital Command  
  147  13:02  Supply Depot  
  147  13:06  Supply Depot  
  147  13:07  Marauder x2  
  147  13:10  Factory  
  147  13:11  Medivac  
  147  13:12  Factory  
  153  13:15  Medivac  
  153  13:16  Refinery  
  153  13:18  Refinery  
  155  13:20  SCV x2  
  155  13:25  Supply Depot  
  157  13:32  SCV  
Tags
 
Matchup
TvT
Race
Terran
Spawn Locations
Cross Positions
Add a new tag
Caveats
  • Supply blocks, unpowered buildings, or Contaminate may cause inaccurate times.
  • Supply counts are checked every 10 seconds.